 Dungeon Crawl Stone Soup version 0.28-a0-957-g42eb19b844 (webtiles) character file.

Game seed: 5674829895220386440

270 Snarg the Poker (level 6, 0/70 HPs)
             Began as a Demonspawn Monk on Dec 1, 2021.
             Was a Follower of Ashenzari.
             Succumbed to a scorpion's poison
             ... on level 4 of the Dungeon.
             The game lasted 00:19:17 (5184 turns).

Snarg the Poker (Demonspawn Monk)                   Turns: 5184, Time: 00:19:18

Health: 0/70       AC: 23    Str: 13    XL:     6   Next: 1%
Magic:  6/6        EV:  2    Int: 12    God:    Ashenzari [*.....]
Gold:   127        SH:  0    Dex: 15    Spells: 5/5 levels left

rFire   + . .      SeeInvis .   a - +2 spear (flame)
rCold   + . .      Faith    .   (no shield)
rNeg    . . .      Spirit   .   (armour currently unavailable)
rPois   +          Reflect  .   (helmet currently unavailable)
rElec   +          Harm     .   (cloak currently unavailable)
rCorr   +          Rampage  .   (gloves currently unavailable)
Will    .....      NoTele   +   (boots currently unavailable)
Stlth   ++........              (no amulet)
HPRegen 0.21/turn               (no ring)
MPRegen 0.10/turn               (no ring)

@: lethally poisoned (0 -> -2), tree-form, resistant, attractive
A: stationary, stasis, torment immunity, boosted hp, (antennae 1), demonic
guardian 1, demonic magic 1, (weakness stinger 2)
a: Renounce Religion, Shatter the Chains


You were on level 4 of the Dungeon.
You worshipped Ashenzari.
Ashenzari was aware of your devotion.
You were a tree.
You visited 1 branch of the dungeon, and saw 4 of its levels.

You collected 127 gold pieces.

Inventory:

Hand Weapons
 a - a +2 spear of flaming (weapon)
 o - a +0 spear
Missiles
 m - 118 stones (quivered)
Armour
 b - a +0 robe
 e - a scarf of repulsion (melded)
 f - the cursed +0 leather armour of Ashenzari's Inaction (melded) {Fort, Elem}
   (You found it on level 1 of the Dungeon)

   It has a curse which improves the following skills: Fortitude: Armour and
   Shields.
   Elements:  Fire Magic, Ice Magic, Air Magic and Earth Magic.
 k - the cursed +0 pair of gloves "Share My Secrets" (melded) {Fort, Evo}
   (You found it on level 1 of the Dungeon)

   It has a curse which improves the following skills: Fortitude: Armour and
   Shields.
   Evocations: Evocations.
Scrolls
 d - 2 scrolls of teleportation
 g - a scroll of identify


   Skills:
 - Level 3.0 Fighting
 + Level 4.1 Polearms
 - Level 2.4 Armour
 + Level 3.7 Dodging
 + Level 3.1 Stealth


You had 5 spell levels left.
You didn't know any spells.
Your spell library contained the following spells:

 Spells                   Type           Power      Damage    Failure   Level
 Tukima's Dance           Hex            0%         N/A       69%         3
 Passage of Golubria      Tloc           0%         N/A       97%         4
 Yara's Violent Unravell  Hex/Tmut       0%         3d3       100%        5


Dungeon Overview and Level Annotations

Branches:
Dungeon (4/15)
 Temple: D:4-7

Altars:
Ashenzari
Hepliaklqana
Nemelex Xobeh
Yredelemnul

Annotations:
D:1 clr
D:2 clr
D:3 clr
D:4 exclusions: phantom and scorpion


Innate Abilities, Weirdness & Mutations

You are a tree.
Your roots penetrate the ground, keeping you stationary.
You cannot be teleported.
You are immune to unholy pain and torment.
Your maximum health is greatly increased.
Your equipment is partially melded.
((You have a pair of small antennae on your head.))
A weak demonic guardian rushes to your aid.
Spells you cast may paralyse adjacent enemies.
((You have a tail ending in a sharp stinger.))


Message History

You feel very sick.
The scorpion stings you but does no damage.
Unknown command.
You completely miss the scorpion.
The scorpion is almost dead.
* * * LOW HITPOINT WARNING * * *
You feel sick. The scorpion barely misses you.
Unknown command.
You hit the scorpion. You burn the scorpion.
You kill the scorpion!
* * * LOW HITPOINT WARNING * * *
You feel sick.
Your Polearms skill increases to level 4!
You have reached level 6!
Your demonic ancestry asserts itself...
Your tail grows a sharp stinger.
Unknown command.
You feel protected.
* * * LOW HITPOINT WARNING * * *
You feel sick.
Okay, then.
Unknown command.
Unknown command.
Okay, then.
Unknown command.
Unknown command.
Really quaff the potion of attraction?
You feel attractive to monsters.
* * * LOW HITPOINT WARNING * * *
You feel sick.
Unknown command.
Unknown command.
Unknown command.
Okay, then.
Unknown command.
Unknown command.
* * * LOW HITPOINT WARNING * * *
You feel sick.
Your iron imp disappears in a puff of smoke!
You die...

≈..# ..## #..##
##...##
#.######.....##
#....)...<....#
##############.....##
................5.##
.###############♣##
.# #........†)### .#
#.########...#
.######.# #.#.#
>.......# #.#<######
#########
#####........##
................#
#######.#.####..#
#.#.# .#


You could see a friendly quasit (summoned).

Vanquished Creatures
  A scorpion (D:4)
  A gnoll shaman (D:4)
  4 adders
  6 gnolls
  An adder skeleton (D:4)
  An adder zombie (D:3)
  A worm (D:2)
  2 dart slugs
  2 orcs
  2 endoplasms
  4 giant cockroaches
  4 goblins
  4 hobgoblins
  9 jackals
  10 kobolds
  A quokka (D:2)
  7 ball pythons
  A ball python zombie (D:3)
  4 bats
  4 rats
69 creatures vanquished.

Vanquished Creatures (collateral kills)
  A gnoll (D:3)
1 creature vanquished.

Grand Total: 70 creatures vanquished

Notes
Turn   | Place    | Note
-------+----------+-------------------------------------------
     0 | D:1      | Snarg the Demonspawn Monk began the quest for the Orb.
     0 | D:1      | Reached XP level 1. HP: 18/18 MP: 1/1
   307 | D:1      | Reached skill level 3 in Polearms
   308 | D:1      | Gained mutation: Spells you cast may paralyse adjacent
                  | enemies. [demonic ancestry]
   308 | D:1      | Reached XP level 2. HP: 20/24 MP: 2/2
  1095 | D:2      | Discovered your monstrous ancestry.
  1095 | D:2      | Gained mutation: You have a small tail. [demonic ancestry]
  1095 | D:2      | Reached XP level 3. HP: 18/29 MP: 3/3
  1867 | D:2      | Found a faded altar of an unknown god.
  1872 | D:2      | Prayed at the altar of an unknown god.
  1872 | D:2      | Became a worshipper of Ashenzari the Shackled
  2120 | D:3      | Found a large runed translucent door.
  2120 | D:3      | Found a large runed translucent door.
  2158 | D:3      | Reached skill level 1 in Armour
  2226 | D:3      | Gained mutation: A weak demonic guardian rushes to your
                  | aid. [demonic ancestry]
  2226 | D:3      | Reached XP level 4. HP: 34/35 MP: 4/4
  2436 | D:3      | Found a basalt altar of Yredelemnul.
  2608 | D:3      | Found a hazy altar of Hepliaklqana.
  2623 | D:3      | Found a sparkling altar of Nemelex Xobeh.
  3347 | D:4      | Noticed a phantom
  3392 | D:4      | Noticed a scorpion
  3443 | D:3      | HP: 1/35 [gnoll (4)]
  4041 | D:4      | Gained mutation: You have a pair of small antennae on your
                  | head. [demonic ancestry]
  4041 | D:4      | Reached XP level 5. HP: 26/41 MP: 5/5
  4179 | D:4      | HP: 1/41 [scorpion (8)]
  4187 | D:4      | HP: 2/41 [scorpion (3)]
  4915 | D:4      | Reached * piety under Ashenzari
  5181 | D:4      | Reached skill level 4 in Polearms
  5181 | D:4      | Gained mutation: You have a tail ending in a sharp stinger.
                  | [demonic ancestry]
  5181 | D:4      | Reached XP level 6. HP: 5/47 MP: 6/6
  5182 | D:4      | HP: 2/70 [poisoned by a scorpion]
  5184 | D:4      | Succumbed to a scorpion's poison

Illustrated notes

Levels and vault maps discovered:
D:1:      lightli_arrival_chessboard, layout_basic, minivault_26
D:2:      layout_rooms, shapermc_ecumenical_altar_petra
D:3:      layout_rooms, jmf_multi_god_temple2, lemuel_zombie_altar_yredelemnul
D:4:      layout_loops_ring, serial_shops, nicolae_lakefront_shop,
          chequers_serial_rivers_micro_c

Skill      XL: |  1  2  3  4  5 |
---------------+----------------+-----
Polearms       | 3 4 |  4.1
Dodging        | 3 |  3.7
Stealth        | 2 3 |  3.1
Armour         | 1 2 |  2.4
Fighting       | |  3.0

Action                   |  1- 3 |  4- 6 || total
-------------------------+-------+-------++-------
Melee: Spear             |   176 |   157 ||   333
       Tailslap          |    12 |    16 ||    28
Throw: Stone             |       |     5 ||     5
Invok: Curse Item        |       |     2 ||     2
  Use: Scroll            |       |     5 ||     5
       Potion            |       |     8 ||     8
 Stab: Sleeping          |     4 |     4 ||     8
       Distracted        |       |     1 ||     1
Armor: Leather armour    |    32 |    19 ||    51
       Skin              |       |     9 ||     9
Dodge: Dodged            |    94 |    71 ||   165

Table legend: (Time is in decaauts)
 A = Elapsed time spent in this place.
 B = Non-inter-level travel time spent in this place.
 C = Inter-level travel time spent in this place.
 D = Time resting spent in this place.
 E = Time spent auto-exploring this place.
 F = Levels seen in this place.
 G = Mean time per level.
                   A        B        C        D        E       F      G
               +--------+--------+--------+--------+--------+-----+--------+
         Total |   5153 |   4774 |    379 |   1460 |   2324 |   4 | 1288.2 |
       Dungeon |   5153 |   4774 |    379 |   1460 |   2324 |   4 | 1288.2 |
               +--------+--------+--------+--------+--------+-----+--------+

Top non-repeatable levels by time:
     D:3: 1498 daAuts
     D:2: 1330 daAuts
     D:1: 1297 daAuts
     D:4: 1027 daAuts
